[Event "1st Kallai Gabor Memorial 2022"]
[Site "Budapest"]
[Date "2022.11.29"]
[Round "4.5"]
[White "Ruck, Robert"]
[Black "Berkes, Ferenc"]
[Result "1/2-1/2"]
[ECO "D15"]
[WhiteElo "2537"]
[BlackElo "2643"]
[Annotator "TA"]
[PlyCount "30"]
[EventDate "2022.11.28"]
[EventCountry "HUN"]
[SourceTitle "playchess.com"]
[Source "ChessBase"]
[SourceQuality "1"]
[TimeControl "1500+5"]

1. Nf3 d5 2. d4 c6 3. c4 Nf6 4. Nc3 a6 5. a4 e6 6. Bg5 a5 {[%emt 0:00:39] D15: Slav Defence: 4 Nc3 a6 and gambit lines after 4 Nc3 dxc4.} 7. e3 Be7 8. Be2 {[%emt 0:01:16] The main line 8.Be2 scores better than 8.Bd3.} O-O 9. O-O Na6 10. Ne5 Nd7 11. Bf4 Nb4 12. Na2 Nxe5 13. Bxe5 Nxa2 14. Rxa2 Bd6 {[%emt 0:00:06] [#]} 15. Bxd6 $146 ({Predecessor:} 15. Bg3 Bxg3 16. hxg3 dxc4 17. Bxc4 Qe7 18. b3 e5 19. Rd2 exd4 20. Rxd4 Be6 21. Bxe6 Qxe6 {½-½ (38) Talla,V (2402)-Czerw,D (2286) Czech Republic 2018}) 15... Qxd6 {[%emt 0:00:01] An even fight not without its subleties.   Weighted Error Value: White=0.01 (flawless) /Black=0.03 (flawless)} 1/2-1/2

[Event "1st Kallai Gabor Memorial 2022"]
[Site "Budapest"]
[Date "2022.11.29"]
[Round "5.1"]
[White "Horvath, Csaba"]
[Black "Bjerre, Jonas Buhl"]
[Result "0-1"]
[ECO "A05"]
[WhiteElo "2502"]
[BlackElo "2622"]
[Annotator "TA"]
[PlyCount "82"]
[EventDate "2022.11.28"]
[EventType "tourn"]
[EventCountry "HUN"]
[SourceTitle "playchess.com"]
[Source "ChessBase"]
[SourceQuality "1"]
[TimeControl "1500+5"]

1. Nf3 Nf6 2. b3 c5 3. Bb2 Nc6 4. c4 d5 5. cxd5 Nxd5 6. e3 {[%emt 0:03:15] A30: Symmetrical English: Double Fianchetto and Hedgehog.} (6. Nc3 $11) 6... Ndb4 $15 7. d3 Bf5 8. e4 {[%emt 0:00:03] Black is slightly better.} Bg4 9. a3 $1 Bxf3 10. gxf3 Na6 11. f4 {[%emt 0:01:59] [#] Against e5} Nc7 $146 ({Predecessor:} 11... e6 12. Nd2 Nc7 13. Nf3 Nb5 14. Bg2 Qa5+ 15. Qd2 Rd8 16. Ke2 Qb6 17. Rhc1 Be7 {0-1 (24) Haik,A (2435)-Chuchelov,V (2435) Hamburg 1991}) 12. Nd2 Ne6 13. Nf3 Nxf4 14. d4 {[%emt 0:05:24] [#] And now d5 would win.} Qa5+ (14... e6 $5 15. dxc5 Bxc5 $11) 15. Qd2 {[%emt 0:00:27] Hoping for Bc3.} Qxd2+ 16. Kxd2 cxd4 (16... e6 {seems wilder.} 17. Ke3 Ng6 18. d5 exd5 19. exd5 Nce7) 17. Nxd4 Nxd4 18. Bxd4 {[%emt 0:00:02] A strong pair of Bishops.} a6 {[%emt 0:00:01] Inhibits Bb5+.} 19. Ke3 Ne6 20. Bb2 Rg8 21. Bc4 g6 22. Bxe6 fxe6 23. f4 g5 24. Rac1 {[%emt 0:00:59] White is now going downhill.} (24. Be5 $15) 24... gxf4+ $17 25. Kf3 Rd8 {[%emt 0:02:11] ...Rd3+ is the strong threat.} 26. Rhd1 {[%emt 0:00:05] Inhibits Rd3+.} Rxd1 27. Rxd1 $19 {[%emt 0:00:01][%cal Ob2e5][%mdl 4096] Endgame [#] KRB-KRB} Rg5 $1 {[%emt 0:00:30] Prevents Be5.} 28. Kxf4 Rg2 29. Bc3 (29. Be5 {might work better.}) 29... Bh6+ ({Not} 29... Rxh2 30. Kg3 Rc2 31. Bd4) 30. Kf3 Rxh2 {[%emt 0:00:02] White must now prevent ...Rh3+.} 31. Be5 Rh5 ({Weaker is} 31... Rh3+ 32. Bg3 Bg7 33. Kg4) 32. Bc7 (32. Bg3 $142) 32... Rc5 33. Rd8+ Kf7 34. Rd7 Rc3+ 35. Kg4 Rxb3 36. Bd6 Bf8 {[%emt 0:00:04] Black is clearly winning.} 37. Bb4 Kg6 {[%emt 0:02:29] Strongly threatening ...Bg7.} 38. Bxe7 (38. Rd1 $142) 38... Bxe7 39. Rxe7 Kf6 (39... Rxa3 40. Rxe6+ Kf7 41. Rb6 $11) 40. Rxh7 Ke5 41. a4 Kxe4 {[%emt 0:00:05] Weighted Error Value: White=0.37/Black=0.04 (flawless)} 0-1

[Event "1st Kallai Gabor Memorial 2022"]
[Site "Budapest"]
[Date "2022.11.29"]
[Round "5.2"]
[White "Borhy, Marcell"]
[Black "Ruck, Robert"]
[Result "1/2-1/2"]
[ECO "D71"]
[WhiteElo "2407"]
[BlackElo "2537"]
[Annotator "TA"]
[PlyCount "107"]
[EventDate "2022.11.28"]
[EventType "tourn"]
[EventCountry "HUN"]
[SourceTitle "playchess.com"]
[Source "ChessBase"]
[SourceQuality "1"]
[TimeControl "1500+5"]

1. d4 Nf6 2. c4 g6 3. g3 c6 4. Bg2 d5 5. Qa4 dxc4 6. Qxc4 Bg7 7. Nf3 O-O 8. O-O Bf5 {[%emt 0:00:02] 8...b5 is the modern continuation.} 9. Nc3 Nbd7 10. e3 Ne4 {[%emt 0:02:53] D78: Fianchetto Grünfeld: 6 0-0 c6.} 11. Qe2 Nb6 {[%emt 0:02:03] [#]} 12. Nd2 $146 ({Predecessor:} 12. Rd1 Nxc3 13. bxc3 Na4 14. Bb2 Be4 15. Rac1 b5 16. c4 Nxb2 17. Qxb2 a6 18. Qb3 {1-0 (37) Ivanchuk,V (2751)-Eljanov,P (2692) Odessa 2008}) 12... Nxd2 {[%emt 0:00:47] Black has an edge.} 13. Bxd2 e5 14. e4 $1 exd4 15. exf5 {[%emt 0:00:02] [#] Threatens to win with Ne4.} dxc3 (15... Re8 {is interesting.} 16. Qf3 dxc3 17. Bxc3 Bxc3 18. Qxc3 gxf5 19. Rfd1 Qe7) 16. Bxc3 Bxc3 17. bxc3 Qf6 18. fxg6 fxg6 19. Qc2 Rae8 20. Rab1 Re5 21. Rfe1 Rfe8 22. Rxe5 Rxe5 23. h4 Qe7 (23... Qf5 $5 24. Qd1 Qf7 $11) 24. Bf3 Kg7 25. Kg2 Re1 (25... h5 $14) 26. Rb4 Re5 27. Rb1 (27. Qb1 $16) 27... Qf7 (27... Re1 $1 $11 {should be considered.}) 28. Rb4 (28. Qd3 $14) 28... Rf5 (28... Qe7 $11) 29. Be4 Rf6 {[%emt 0:00:02] [#]} 30. a4 (30. c4 $1 $16) 30... Nc8 $11 31. h5 Nd6 32. hxg6 hxg6 33. Bd3 Qe6 (33... b6 {is more complex.} 34. Rh4 Qd5+ 35. Kg1 Re6) 34. Qe2 (34. Rh4 {looks sharper.} Qd5+ 35. Kg1 Re6 36. Qb1) 34... Qxe2 35. Bxe2 {[%emt 0:00:01][%mdl 4096] Endgame KRB-KRN} b6 36. Bd3 Re6 37. Rg4 Nf7 38. Bc4 Rd6 39. Re4 {[%emt 0:00:10] And now Re7 would win.} Rd7 {[%emt 0:00:06] Against Re7} 40. f4 (40. Re6 $5 ) 40... Nd6 {[%emt 0:00:11] The position is equal.} 41. Rd4 Rd8 42. Be2 Nb7 43. Rxd8 Nxd8 {[%emt 0:00:05] KB-KN} 44. Kf3 Ne6 45. Bd1 Kf6 46. g4 g5 47. fxg5+ Nxg5+ 48. Kf4 Ne6+ 49. Ke4 Nc5+ 50. Kd4 Ne6+ 51. Ke4 Nc5+ 52. Kd4 Ne6+ 53. Ke4 Nc5+ 54. Kd4 {[%emt 0:00:01] Weighted Error Value: White=0.13 (very precise) /Black=0.12 (very precise)} 1/2-1/2

[Event "1st Kallai Gabor Memorial 2022"]
[Site "Budapest"]
[Date "2022.11.29"]
[Round "5.3"]
[White "Berkes, Ferenc"]
[Black "Motylev, Alexander"]
[Result "1/2-1/2"]
[ECO "D30"]
[WhiteElo "2643"]
[BlackElo "2628"]
[Annotator "TA"]
[PlyCount "33"]
[EventDate "2022.11.28"]
[EventType "tourn"]
[EventCountry "HUN"]
[SourceTitle "playchess.com"]
[Source "ChessBase"]
[SourceQuality "1"]
[TimeControl "1500+5"]

1. d4 d5 2. c4 e6 3. Nf3 Nf6 4. e3 Bd6 5. b3 O-O 6. Bd3 {[%emt 0:00:09] D30: Queen's Gambit Declined: Systems without Nc3.} b6 7. O-O Bb7 8. Ba3 Bxa3 9. Nxa3 Qe7 10. Nb5 c5 11. cxd5 exd5 12. Rc1 a6 13. Nc3 Nbd7 {[%emt 0:00:05] [#]} 14. Re1 $146 ({Predecessor:} 14. Qe2 Rfc8 15. Rfd1 g6 16. h3 b5 17. dxc5 Rxc5 18. Qb2 Rac8 19. Ne2 Rxc1 20. Rxc1 Rxc1+ 21. Qxc1 {1-0 (58) Dominguez Perez,L (2739)-Hammer,J (2631) Chess.com INT 2018}) 14... Rac8 {[%emt 0:01:45] The position is equal.} 15. Qe2 b5 16. dxc5 Nxc5 17. Bf5 {[%emt 0:03:22] A rather calm draw.   Weighted Error Value: White=0.07 (flawless) /Black=0.05 (flawless)} 1/2-1/2

[Event "1st Kallai Gabor Memorial 2022"]
[Site "Budapest"]
[Date "2022.11.29"]
[Round "5.4"]
[White "Troff, Kayden"]
[Black "Kozak, Adam"]
[Result "0-1"]
[ECO "C29"]
[WhiteElo "2483"]
[BlackElo "2538"]
[Annotator "TA"]
[PlyCount "104"]
[EventDate "2022.11.28"]
[EventType "tourn"]
[EventCountry "HUN"]
[SourceTitle "playchess.com"]
[Source "ChessBase"]
[SourceQuality "1"]
[TimeControl "1500+5"]

1. e4 e5 2. Nc3 Nf6 3. f4 d5 4. fxe5 Nxe4 5. Qf3 Nc6 (5... f5 $5 ) 6. Bb5 {[%emt 0:00:11] C29: Vienna Game: 2...Nf6 3 f4.} Nxc3 7. dxc3 Qh4+ (7... a6 $5 8. Bxc6+ bxc6 $11) 8. g3 {[%emt 0:00:23] The position is equal.} Qe4+ 9. Qxe4 dxe4 10. Ne2 Bd7 11. Bxc6 Bxc6 12. Rf1 Bc5 {[%emt 0:03:51] [#]} 13. Rf4 $146 ({Predecessor:} 13. Nd4 Bd5 14. Nf5 g6 15. Ng7+ Kd7 16. Bg5 Kc8 17. O-O-O Bc4 18. Rfe1 h6 19. Rxe4 hxg5 20. Rxc4 {1-0 (31) Can,I (2445)-Bailet,P (2508) Vaujany 2022}) 13... Rd8 14. b4 Bb6 15. c4 {[%emt 0:00:44] [#]} (15. a4 $11 {remains equal.} a6 16. c4) 15... Bd4 $1 $17 {[%emt 0:00:46] Black is more active.} 16. Nxd4 Rxd4 17. Rg4 Rg8 18. c3 (18. Bg5 $17) 18... Rxc4 $19 19. Bd2 Bd5 20. Rh4 {[%emt 0:00:12] Prevents e3.} h6 21. O-O-O Be6 22. Kb2 (22. Re1 $142) 22... b6 23. Be3 Ke7 24. Rf4 (24. Rd4 $17 {was necessary.}) 24... c5 25. a3 Rc8 {[%emt 0:00:32] [#] Strongly threatening ...cxb4.} 26. bxc5 bxc5 27. Rd6 Rb8+ 28. Kc2 Rb6 {[%emt 0:00:07] Against Ra6} 29. Rxb6 axb6 {[%emt 0:00:02][%mdl 4096] Endgame KRB-KRB} 30. Rf1 Kd7 31. Rd1+ Kc7 32. Kb2 Ra4 33. Rd2 Ra5 34. Rd6 Ra8 35. h4 Kb7 36. Bf4 Ka6 37. Rd1 Kb5 38. Rd6 (38. Re1 $142) 38... Rb8 39. Kc2 (39. Rd2 $142) 39... Kc4 40. Be3 Ra8 41. Kb2 (41. Bc1 {only move.}) 41... Ra5 42. Rxb6 Kd3 43. Bf4 e3 44. Rd6+ Ke2 45. Rb6 Kf2 46. c4 Bxc4 {[%emt 0:00:11] White must now prevent ...Be6.} 47. Kc3 Be6 {[%emt 0:00:01] ( -> ...e2)} ({Not} 47... Rxa3+ 48. Kxc4 e2 49. Rb2 $17) 48. Rb2+ Kf3 (48... e2 $142 49. a4 Rxa4 50. Rb1 Ra3+ 51. Kd2 Ra2+ 52. Kc3 e1=Q+ 53. Rxe1 Kxe1 54. Bc1 Kd1 55. Kd3 Kxc1 56. g4 c4+ 57. Kc3 Ra3+ 58. Kd4 c3 59. g5 c2 60. Kc5 Kd2 61. Kd6 c1=Q 62. g6 Ra7 63. gxf7 Qc7+ 64. Kxe6 Qd7#) 49. Rb1 {[%emt 0:00:06] Black is clearly winning.} Rxa3+ 50. Kb2 Rb3+ 51. Kc2 Rxb1 52. Kxb1 Kf2 {[%emt 0:00:01] Weighted Error Value: White=0.53/Black=0.19 (very precise)} 0-1

[Event "1st Kallai Gabor Memorial 2022"]
[Site "Budapest"]
[Date "2022.11.29"]
[Round "5.5"]
[White "Gaal, Zsoka"]
[Black "Beliavsky, Alexander G"]
[Result "0-1"]
[ECO "A06"]
[WhiteElo "2286"]
[BlackElo "2487"]
[Annotator "TA"]
[PlyCount "178"]
[EventDate "2022.11.28"]
[EventType "tourn"]
[EventCountry "HUN"]
[SourceTitle "playchess.com"]
[Source "ChessBase"]
[SourceQuality "1"]
[TimeControl "1500+5"]

1. Nf3 d5 2. g3 c6 3. Bg2 Bg4 4. O-O Nd7 5. h3 Bh5 6. c4 {[%emt 0:00:16] A07: Réti Opening: New York and Capablanca Systems.} Bxf3 7. Bxf3 Ne5 8. Qb3 {The position is equal.} Nxf3+ 9. Qxf3 {[%emt 0:01:38] [#]} e6 $146 ({Predecessor:} 9... dxc4 10. Na3 Qd5 11. Qc3 Nf6 12. Qxc4 Qd7 13. Kg2 e6 14. b3 Be7 15. d3 b5 {0-1 (43) Gukesh,D (2457)-Murzin,V (2340) Santiago de Compostela 2018}) 10. d3 Nf6 11. Nc3 Be7 12. cxd5 cxd5 13. e4 d4 14. Ne2 e5 15. Qf5 Nd7 16. f4 O-O (16... g6 $15 17. Qg4 h5) 17. fxe5 $11 g6 $1 {[%emt 0:00:02] Inhibits e6.} 18. Qf4 Rc8 19. Bd2 ({White should play} 19. Qd2 $15) 19... Qb6 (19... Rc2 $17 {aiming for ...g5.} 20. Nxd4 Rxd2 21. Qxd2 Bc5) 20. Rac1 {[%emt 0:00:25] Hoping for Rxc8.} Rxc1 (20... Rc5 {with more complications.} 21. b3 Nxe5 22. Rxc5 Qxc5 23. Bb4 Nxd3 24. Bxc5 Nxf4 25. Bxe7 Nxe2+ 26. Kf2 Re8) 21. Bxc1 Qa6 (21... Qc5 $5 ) 22. Rd1 (22. e6 $11 {remains equal.} fxe6 23. Qc7) 22... Qxa2 $17 23. Qf1 Nxe5 24. Nf4 f5 {[%emt 0:01:17] Black has more active pieces.} 25. Nd5 Bd6 (25... Bd8 $1 $17 {...fxe4 is the strong threat.} 26. Bh6 Re8) 26. Bh6 $15 Rf7 27. Rc1 Nc6 (27... Qxb2 $2 28. Rc8+ Bf8 29. Ne7+ $1 (29. Bxf8 Rxf8 30. Nf6+ Kg7 $11) 29... Kh8 30. Bxf8 Rxf8 31. Rxf8+ $18) 28. Qe2 Bf8 $1 {[%emt 0:01:31] Prevents e5.} (28... Bxg3 $2 {[#]} 29. exf5 $1 Bd6 30. Qe6 $18) 29. Bg5 h6 (29... Bg7 $17 {Black wants to play ...fxe4.} 30. Bf4 Qb3) 30. Nf6+ $1 $11 Kg7 31. Ne8+ Kh8 (31... Kh7 $5 32. Nf6+ $8 Kh8 33. exf5 Re7 $11) 32. Bf6+ Kh7 33. exf5 gxf5 34. Rc4 Qb1+ 35. Kg2 Bg7 36. Bxg7 Re7 37. Nf6+ $2 (37. Qd2 $14 {stays ahead.} Rxe8 38. Qxh6+ (38. Bxd4 Re1 $11) 38... Kg8 39. Qh8+ (39. Bxd4 Nxd4 40. Qg6+ Kf8 $11) 39... Kf7 40. Qh5+ Ke7 41. Qxf5 (41. Bxd4 Qxd3 $11) 41... Qxb2+ 42. Kf3) 37... Kxg7 $19 {[%emt 0:00:11] Really sharp!} 38. Nh5+ Kf7 39. Qf1 (39. Qc2 $142 Re1 40. Qxb1 Rxb1 41. Rc2) 39... Qxf1+ 40. Kxf1 {[%mdl 4096] Endgame KRN-KRN} Re3 41. Nf4 Rxg3 {[%emt 0:00:03] Threatens to win with ...Rf3+.} 42. Kf2 {[%emt 0:00:04] Inhibits Rf3+.} Rg8 (42... Re3 $19 {Strongly threatening ...Re5.} 43. Rxd4 Nxd4 44. Kxe3 Nb5) 43. Rc5 (43. b4 $142) 43... Kf6 $17 44. Nd5+ Kg5 45. b4 (45. Rc1 $17 {was necessary.} Kh4 46. Nf4) 45... a6 46. b5 (46. Kg3 $142) 46... Ne5 $19 47. Nb4 (47. h4+ Kxh4 48. Nf4) 47... a5 48. Rxe5 axb4 {[%emt 0:00:04] KR-KR} 49. Rd5 Rc8 50. Rxd4 b3 51. Rb4 Rc2+ 52. Kf3 b2 53. d4 Kf6 54. b6 Ke6 55. Rb5 Kd6 56. Kf4 Kc6 57. Rb4 Rf2+ 58. Ke5 (58. Ke3 $142 Rh2 59. Kf3) 58... f4 59. d5+ Kd7 (59... Kc5 $142 60. Rb3 Kc4 61. Rxb2 Rxb2 62. Ke4 f3 63. Kxf3 Kxd5 64. h4 Rxb6 65. Kg4 Rf6 66. Kh5 b5 67. Kg4 b4 68. Kg3 b3 69. h5 b2 70. Kh4 b1=Q 71. Kh3 Qh1+ 72. Kg4 Qg2+ 73. Kh4 Rf4#) 60. h4 f3 61. Kf4 Kd6 62. Rb5 h5 {[%emt 0:00:25] And now ...Rh2 would win.} 63. Ke3 $2 (63. Kg3 Rd2 64. Kxf3) 63... Rh2 64. Kxf3 Rh3+ ({Not} 64... Rxh4 65. Rxb2 Kxd5 66. Rg2 $17) 65. Kf4 Rxh4+ 66. Kg3 Rd4 ({And not} 66... Rg4+ 67. Kh3 $17) 67. Rxb2 Rxd5 68. Kf4 $2 (68. Rc2 Rb5 69. Kh4) 68... Kc6 69. Ke4 Rb5 70. Rc2+ Kxb6 71. Kd4 Rg5 72. Rb2+ Kc6 73. Rf2 Rg4+ 74. Kc3 h4 75. Rf6+ Kc5 76. Rf5+ Kb6 {[%emt 0:00:01] White must now prevent ...Ka6.} 77. Rh5 (77. Rf7 $142 Ka6 78. Rf8) 77... Ka6 78. Kb3 b5 79. Kc3 Ka5 {[%emt 0:00:01] ( -> ...Ka4)} 80. Kb3 Rg3+ 81. Kb2 h3 82. Rh8 {[%emt 0:00:13] Black mates.} Ka4 83. Kc2 Rg2+ 84. Kc3 b4+ 85. Kc4 Rc2+ 86. Kd3 Rc3+ 87. Kd4 Kb3 88. Rh4 Kb2 89. Rh8 b3 {Weighted Error Value: White=0.57/Black=0.29 (precise)} 0-1

[Event "1st Kallai Gabor Memorial 2022"]
[Site "Budapest"]
[Date "2022.11.29"]
[Round "6.1"]
[White "Motylev, Alexander"]
[Black "Beliavsky, Alexander G"]
[Result "1-0"]
[ECO "C50"]
[WhiteElo "2628"]
[BlackElo "2487"]
[Annotator "TA"]
[PlyCount "104"]
[EventDate "2022.11.28"]
[EventType "tourn"]
[EventCountry "HUN"]
[SourceTitle "playchess.com"]
[Source "ChessBase"]
[SourceQuality "1"]
[TimeControl "1500+5"]

1. e4 e5 2. Nf3 Nc6 3. Bc4 Bc5 4. d3 Nf6 5. Nc3 d6 6. Na4 Bb6 {[%emt 0:00:29] C50: Hungarian Defence and Giuoco Pianissimo.} 7. a3 Be6 8. Bxe6 fxe6 {[%emt 0:00:02] The position is equal.} 9. O-O O-O 10. b4 {[%emt 0:00:02] [#]} Nd4 $146 ({Predecessor:} 10... Qe8 11. c3 Qh5 12. Ra2 h6 13. Re1 Rf7 14. h3 Raf8 {½-½ (14) Erdos,V (2604)-Moroni,L (2584) Corte 2022}) 11. Ng5 h6 12. c3 hxg5 13. Nxb6 axb6 14. cxd4 exd4 15. Bxg5 Qe8 16. f4 c5 17. Qb3 Qf7 (17... b5 $11) 18. Bxf6 Qxf6 19. bxc5 bxc5 20. Qxb7 Rfb8 21. Qc7 {[%emt 0:00:26] White is more active.} (21. Qc6 $16) 21... Qd8 $1 $14 22. Qxd8+ Rxd8 {[%emt 0:00:01][%mdl 4096] Endgame KRR-KRR} 23. Rfb1 Rd7 24. Rb6 Ra4 25. Kf2 Kf7 26. Kf3 Rda7 {[%emt 0:00:50] Loses the game.} ({Black should play} 26... d5 $14) 27. Rxd6 $18 Rxa3 {[%emt 0:00:10] [#]} (27... Rb7 $142 28. f5 e5) 28. Rd7+ $3 Rxd7 29. Rxa3 {[%emt 0:00:01] KR-KR} Rb7 30. h4 Rb1 31. Kg4 Re1 32. Ra7+ Kf8 33. Rc7 {[%emt 0:01:19] Against c4} Re3 34. Rxc5 Rxd3 35. Rc4 {[%emt 0:01:09] Strongly threatening e5.} Rd1 $2 (35... Rd2 36. g3 Rd3) 36. Kg5 d3 $2 (36... Kf7 37. Ra4 Ke8) 37. Rd4 e5 38. fxe5 Ke7 39. Rd6 d2 40. h5 Kf7 41. Rd5 Ke6 {[%emt 0:00:58] [#]} 42. Kg6 $1 Re1 43. Rd6+ (43. Rxd2 $142 Rxe4 44. Kxg7 Rg4+ 45. Kf8 Rf4+ 46. Ke8 Kxe5 47. g3 Rg4 48. h6 Rg8+ 49. Kf7 Rxg3 50. Rh2 Rf3+ 51. Ke8) 43... Kxe5 44. Rxd2 Rxe4 45. Kxg7 Rg4+ 46. Kf7 Rf4+ {[%emt 0:00:11] [#]} 47. Ke7 $1 Ra4 48. Rf2 Rh4 49. Ra2 {[%emt 0:00:25] Intending Ra5+ and mate.} Kf5 50. Ra5+ {[%emt 0:00:05] White mates.} Kg4 51. Kf6 Rh2 52. Kg6 Kh4 {Weighted Error Value: White=0.06 (flawless) /Black=0.63} 1-0

[Event "1st Kallai Gabor Memorial 2022"]
[Site "Budapest"]
[Date "2022.11.29"]
[Round "6.2"]
[White "Bjerre, Jonas Buhl"]
[Black "Troff, Kayden"]
[Result "1-0"]
[ECO "A05"]
[WhiteElo "2622"]
[BlackElo "2483"]
[Annotator "TA"]
[PlyCount "143"]
[EventDate "2022.11.28"]
[EventType "tourn"]
[EventCountry "HUN"]
[SourceTitle "playchess.com"]
[Source "ChessBase"]
[SourceQuality "1"]
[TimeControl "1500+5"]

1. Nf3 Nf6 2. c4 g6 3. Nc3 Bg7 4. e4 e5 5. Nxe5 O-O 6. d3 {[%emt 0:00:06] A16: English Opening: 1...Nf6 with ...d5.} Re8 (6... Nxe4 $11 {keeps the balance.} 7. Nxe4 Bxe5) 7. f4 $1 $16 c6 {[%emt 0:02:22][%cal Bc7c6,Bc6d5][%mdl 32] [#]} 8. Be2 $146 {[%emt 0:01:23] White is better.} ({Predecessor:} 8. c5 d6 9. cxd6 Qxd6 10. d4 b5 11. a3 a6 12. Be3 Bb7 13. b4 a5 14. Qb3 {1-0 (52) Ganguly,S (2616)-Gupta,A (2606) chess24.com INT 2022}) 8... d5 9. O-O Na6 10. exd5 cxd5 11. Bf3 Be6 12. Kh1 {[%emt 0:00:27] White is more active.} (12. d4 $1 $16) 12... Rc8 (12... Rb8 $1 $14) 13. d4 Re7 (13... Rxc4 $16 14. Nxc4 dxc4) 14. f5 (14. g4 $1 $18) 14... Bxf5 (14... gxf5 $16 15. Bg5 dxc4) 15. Nxd5 $18 (15. Bxd5 Nxd5 16. Nxd5 Re8 $14) 15... Nxd5 16. cxd5 (16. Bxd5 $18 Bxe5 17. dxe5) 16... Nb4 17. Bg5 $1 $36 {[%emt 0:02:47][%mdl 2048] White is on the roll.} f6 {[%emt 0:00:20] Inhibits g4.} 18. Qb3 $1 {[%emt 0:00:03] Black must now prevent d6+.} Qd6 {[%emt 0:02:52] [#]} 19. Bd2 (19. Bh4 $1 $16 {Nc4 is the strong threat.} Nc2 20. Nc4) 19... Nc2 $11 20. Nc4 Qa6 {[%emt 0:03:11][%mdl 8192] Black cannot hold the game after this.} (20... Qd7 $14 21. d6 Rf7) 21. d6 $1 $18 Nxa1 22. Rxa1 Re6 (22... Ree8 $142 23. Bxb7 (23. Qxb7 Qxb7 24. Bxb7 Rb8 $14) 23... Qxc4) 23. d7 (23. Qxb7 $2 Qxb7 24. Bxb7 Rxc4 $19) 23... Rb8 {[%emt 0:00:52] [#]} 24. Bf4 {[%emt 0:02:05] Against b5} (24. Bxb7 $142 $1 Qxb7 25. Qxb7 Rxb7 26. d8=Q+ (26. d8=B $2 Re2 $19) 26... Bf8 27. d5) 24... Rd8 25. Bxb7 {[%emt 0:00:27][%mdl 64] Trapped Piece} Bc2 26. Bxa6 (26. Qxc2 $2 {perishes.} Qxb7 27. Be3 Qd5 $19) 26... Bxb3 27. axb3 Re4 28. Bg3 Rxd7 29. d5 f5 30. Bc8 Rxd5 31. Bb7 (31. Rxa7 $2 {is a self mate.} Rd1+) 31... Rd3 32. Bxe4 fxe4 33. Re1 {[%emt 0:00:51] Inhibits e3.} (33. Rxa7 $2 {gets mated.} Rd1+) 33... Rxb3 34. Rxe4 {[%emt 0:00:26] And now Re8+ would win.} Bxb2 35. Nxb2 Rxb2 {[%emt 0:00:01][%mdl 4096] Endgame KRB-KR} 36. Kg1 Ra2 37. Re7 a5 38. Ra7 a4 39. Bd6 h5 $2 (39... Rd2 40. Be5 Rd5) 40. h4 {[%emt 0:00:04] Threatens to win with Kh2.} Rd2 41. Be5 (41. Be7 $142 Rd4 42. g3) 41... Re2 42. Bf6 Re6 43. Bg5 Re4 44. Kf2 Rb4 45. Ke3 (45. g3 $142 Re4 46. Kf3) 45... Rb3+ 46. Ke4 {[%emt 0:00:06] White mates.} Rb4+ 47. Kd5 Rg4 48. Ke6 Rb4 49. Ra8+ Kh7 50. Bf6 Rb6+ 51. Ke5 Rb5+ 52. Ke4 Rb4+ 53. Kf3 g5 54. Bxg5 Kg6 55. Ra5 Rb3+ 56. Ke4 Rb4+ 57. Ke5 Rc4 58. Ra6+ Kf7 59. g3 Rc5+ 60. Kd4 Rb5 61. Rxa4 Kg6 62. Ke4 Rb6 63. Bf4 Re6+ 64. Kf3 Rb6 65. Rd4 Rb5 66. Ke4 Kf6 67. Rd6+ Kg7 68. Rd5 Rb4+ 69. Kf5 Rb7 70. Kg5 Kh7 71. Kxh5 Rg7 72. Rc5 {[%emt 0:00:06] Weighted Error Value: White=0.51/Black=0.46} 1-0

[Event "1st Kallai Gabor Memorial 2022"]
[Site "Budapest"]
[Date "2022.11.29"]
[Round "6.3"]
[White "Kozak, Adam"]
[Black "Gaal, Zsoka"]
[Result "1-0"]
[ECO "A46"]
[WhiteElo "2538"]
[BlackElo "2286"]
[Annotator "TA"]
[PlyCount "85"]
[EventDate "2022.11.28"]
[EventType "tourn"]
[EventCountry "HUN"]
[SourceTitle "playchess.com"]
[Source "ChessBase"]
[SourceQuality "1"]
[TimeControl "1500+5"]

1. d4 Nf6 2. Nf3 d5 3. c3 Bf5 4. Bf4 h6 5. Qb3 Qc8 6. e3 {[%emt 0:00:13] D02: 1 d4 d5 2 Nf3 sidelines, including 2...Nf6 3 g3 and 2...Nf6 3 Bf4.} e6 7. c4 Bd6 8. Be5 {[%emt 0:01:37] [#] Strongly threatening Bxf6. The position is equal.} Nc6 $146 ({Predecessor:} 8... Nbd7 9. Nc3 dxc4 10. Bxc4 O-O 11. O-O {½-½ (11) Sorcinelli,A (2106)-Morcin,T (2083) LSS email 2012}) 9. Bxf6 gxf6 10. Nc3 Nb4 {[%emt 0:03:19] [#] Threatens to win with ...Bc2.} 11. Rc1 {[%emt 0:00:44] Inhibits Bc2. c5 is the strong threat.} dxc4 12. Bxc4 Nd3+ $1 13. Bxd3 Bxd3 14. Nb5 (14. d5 {looks sharper.} c5 15. Nb5 Bxb5 16. Qxb5+ Qd7 17. Qc4) 14... Bxb5 15. Qxb5+ c6 16. Qc4 Rg8 17. g3 Qc7 18. b4 Qb6 19. Rb1 a5 20. a3 axb4 21. axb4 Ra4 {[%emt 0:02:36] Prevents b5.} 22. O-O {[%emt 0:00:04] White wants to play Qc2.} Kf8 (22... Bxb4 $2 23. Rfc1 $16) (22... Qb5 $11 23. Qxb5 cxb5) 23. Qc2 $16 Rxb4 (23... Qb5 $16) 24. Rxb4 $18 ({Don't do} 24. Qh7 $6 Qc7 $16) 24... Bxb4 {[%emt 0:01:56] [#]} 25. Rb1 $1 Qa5 26. Qc4 ({Better is} 26. Qh7 $18) 26... Bd6 ({Black should play} 26... Be7 $1 $14) 27. Rxb7 $16 Qd5 28. Qe2 {[%emt 0:00:02] And now Rd7 would win. White is more active.} Kg7 (28... c5 $16 29. Rd7 cxd4) 29. e4 $36 {[%emt 0:00:19][%mdl 2048] White is on the roll.} Qh5 30. Kg2 {[%emt 0:00:56] Hoping for Qc4.} Ra8 $2 (30... Rb8 31. Rd7 Bf8) 31. Rb6 $2 (31. Qc4 $18) 31... Ra3 (31... f5 $16 32. Rxc6 fxe4) 32. Rxc6 $18 Be7 33. Rc7 {[%emt 0:00:46] Inhibits f5.} Bd6 34. Rc2 f5 (34... Rb3 $142 35. d5 exd5) 35. e5 Bb4 36. Rc4 Be7 37. Rc7 {[%emt 0:00:19][%cal Bc4c7,Bc7a7,Ba7f7,Bf7f4][%mdl 32] Inhibits f4.} Bb4 $2 {[%emt 0:00:02] Prevents d5.} (37... Kf8 38. d5 exd5 39. Rc8+ Kg7) 38. d5 Ba5 39. Ra7 Qg6 40. Nh4 Qg5 41. dxe6 {[%emt 0:00:06] White mates.} f4 42. Rxf7+ Kg8 43. Rxf4 {[%emt 0:00:05] Weighted Error Value: White=0.28 (precise) /Black=0.49} 1-0